 Dungeon Crawl Stone Soup version 0.24.0-13-gcf9b3192b9 (webtiles) character file.

Game seed: 3027017881534111864, levelgen mode: deterministic

180 roguesci the Skirmisher (level 5, 0/33 HPs)
             Began as a Gargoyle Fighter on Nov 8, 2019.
             Slain by a gnoll
             ... wielding a +0 halberd
              (10 damage)
             ... on level 3 of the Dungeon.
             The game lasted 00:04:58 (2683 turns).

roguesci the Skirmisher (Gargoyle Fighter)          Turns: 2683, Time: 00:04:59

Health: 0/33       AC: 11    Str: 26    XL:     5   Next: 60%
Magic:  5/5        EV:  8    Int:  8    God:
Gold:   102        SH: 10    Dex:  9    Spells: 4/4 levels left

rFire    . . .     SeeInvis .   a - +0 flail
rCold    . . .     Gourm    .   c - +0 shield
rNeg     + . .     Faith    .   b - +0 scale mail
rPois    ∞         Spirit   .   (no helmet)
rElec    +         Reflect  .   (no cloak)
rCorr    .         Harm     .   (no gloves)
MR       .....                  (no boots)
Stlth    ..........             (no amulet)
HPRegen  0.11/turn              (no ring)
MPRegen  0.09/turn              (no ring)

@: mighty, flying
A: negative energy resistance 1, electricity resistance, unbreathing,
petrification resistance, rot immunity, AC +4
a: no special abilities


You were on level 3 of the Dungeon.
You were not hungry.

You visited 1 branch of the dungeon, and saw 3 of its levels.

You collected 102 gold pieces.

Inventory:

Hand Weapons
 a - a +0 flail (weapon)
Armour
 b - a +0 scale mail (worn)
 c - a +0 shield (worn)
Scrolls
 g - a scroll of fog {unknown}
 j - 6 scrolls of identify {unknown}
 k - 2 scrolls of blinking {unknown}
 l - 2 scrolls of remove curse {unknown}
 p - a scroll of fear {unknown}
Potions
 d - a potion of might
 h - a potion of degeneration {unknown}
 i - a potion of invisibility {unknown}
 m - a potion of haste {unknown}
 n - 3 potions of curing {unknown}
 o - 2 potions of resistance {unknown}
Comestibles
 f - 3 rations


   Skills:
 + Level 4.0 Fighting
 * Level 3.8 Maces & Flails
 + Level 4.0 Armour
 - Level 1.0 Dodging
 + Level 4.0 Shields


You had 4 spell levels left.
You didn't know any spells.
Your spell library was empty.

Dungeon Overview and Level Annotations

Branches:
Dungeon (3/15)

Altars:
Sif Muna


Innate Abilities, Weirdness & Mutations

You are resistant to torment.
Your stone body is resilient. (AC +4)
You are immune to poison.
You resist negative energy. (rN+)
You are resistant to electric shocks. (rElec)
You can survive without breathing.
You are immune to petrification.
You are immune to rotting.


Message History

You thump the gnoll!
The gnoll is heavily wounded.
The gnoll barely misses you.
The gnoll hits you but does no damage. x2
You hit the gnoll.
The gnoll is severely wounded.
The gnoll closely misses you. The gnoll hits you.
You hit the gnoll.
The gnoll is almost dead.
The gnoll hits you from afar with a +0 halberd!
The gnoll completely misses you.
You closely miss the gnoll.
The gnoll is almost dead.
The gnoll closely misses you. You block the gnoll's attack.
You feel very mighty all of a sudden. You block the gnoll's attack.
The gnoll hits you.
It was a potion of flight.
You feel very buoyant.
You fly up into the air.
You block the gnoll's attack.
The gnoll hits you from afar with a +0 halberd!
You die...

..
...###########.
##lg...l....s..
....g.ggs......
#g# ##g## #8@8#
##.#####
#.#.##.##
#8.8'...#
#.#.##.##
##.##### #8.8#
##.##
#####.#.#####


You could see 4 gnolls, a giant cockroach and a frilled lizard.

Vanquished Creatures
  An orc priest (D:3)
  Terence (D:2)
  4 gnolls
  An adder (D:3)
  An ooze (D:1)
  3 worms
  7 orcs (D:3)
  6 bats
  4 giant cockroaches
  4 goblins
  5 hobgoblins
  3 jackals (D:2)
  4 quokkas
  A ball python (D:2)
  4 frilled lizards
  4 kobolds
  6 rats
59 creatures vanquished.

Notes
Turn   | Place    | Note
-------+----------+-------------------------------------------
     0 | D:1      | roguesci the Gargoyle Fighter began the quest for the Orb.
     0 | D:1      | Reached XP level 1. HP: 14/14 MP: 1/1
    72 | D:1      | Reached XP level 2. HP: 19/19 MP: 2/2
   723 | D:2      | Reached XP level 3. HP: 23/23 MP: 3/3
   902 | D:2      | Noticed Terence
   922 | D:2      | Killed Terence
   922 | D:2      | Reached XP level 4. HP: 27/29 MP: 4/4
  1062 | D:1      | Reached skill level 1 in Dodging
  1791 | D:2      | Found a shimmering blue altar of Sif Muna.
  1837 | D:2      | Reached XP level 5. HP: 33/33 MP: 5/5
  2683 | D:3      | Slain by a gnoll

Levels and vault maps discovered:
D:1:      grunt_arrival_crossed_arrows, layout_basic
D:2:      layout_basic, first_ration, lemuel_blue_sif_altar, uniq_terence
D:3:      layout_basic, fedhas_altar_3, wad_orctagon

Skill      XL: |  1  2  3  4  5 |
---------------+----------------+-----
Maces & Flails | 3 |  3.8
Dodging        | 1 |  1.0
Fighting       | 4 |  4.0
Armour         | 4 |  4.0
Shields        | 4 |  4.0

Action                   |  1- 3 |  4- 6 || total
-------------------------+-------+-------++-------
Melee: Flail             |    86 |   141 ||   227
  Use: Potion            |       |     2 ||     2
  Eat: Chunk             |       |     6 ||     6
Armor: Scale mail        |    61 |    83 ||   144
Dodge: Dodged            |    34 |    61 ||    95
Block: Shield            |    58 |    93 ||   151
